[Event "Titled Tuesday Blitz July 4 Late 2023"]
[White "Moksh Amit Doshi"]
[Black "KorolDimitriy75"]
[WhiteFideId "25064967"]
[WhiteElo "2571"]
[BlackElo "2435"]
[Result "1-0"]
[Round "4"]
[TimeControl "180+2"]
[Date "2023.07.04"]
[WhiteClock "0:01:02"]
[BlackClock "0:00:00"]
[Board "92"]

1. Nf3 c5 2. c4 g6 3. Nc3 Bg7 4. e3 Nf6 5. d4 cxd4 6. exd4 d5 7. cxd5 Nxd5 8. Bc4 Nxc3 9. bxc3 O-O 10. O-O Nc6 11. h3 b6 12. Re1 Bb7 13. Ba3 Qc7 14. Ng5 h6 15. Nxf7 Rxf7 16. Bxf7+ Kxf7 17. Qb3+ Kf8 18. Qe6 Re8 19. Qxg6 Na5 20. Bc1 Qc6 21. Qg3 Nc4 22. Bf4 Qd5 23. Re2 e6 24. Rae1 Kf7 25. f3 h5 26. Qh4 Bf6 27. Qg3 Rg8 28. Qf2 Qxf3 29. Qxf3 Bxf3 30. Rf2 Bd5 31. Be5 Rg6 32. Ref1 Nxe5 33. dxe5 Ke7 34. exf6+ Kf7 35. Kh2 h4 36. Rd2 Rg3 37. c4 Bxc4 38. Rd7+ Ke8 39. f7+ Kxd7 40. f8=Q Bd5 41. Rf2 a5 42. Qf7+ Kc6 43. Qe7 Re3 44. Qxh4 1-0


[Site "https://www.chess.com"]

[Event "Titled Tuesday Blitz July 4 Late 2023"]
[White "ATM622"]
[Black "Omariev, Maksim"]
[BlackFideId "4193423"]
[WhiteElo "2559"]
[BlackElo "2429"]
[Result "1-0"]
[Round "4"]
[TimeControl "180+2"]
[Date "2023.07.04"]
[WhiteClock "0:01:13"]
[BlackClock "0:00:00"]
[Board "93"]

1. d4 d5 2. c4 e6 3. Nf3 Nf6 4. g3 Be7 5. Bg2 O-O 6. O-O dxc4 7. Ne5 Nc6 8. Bxc6 bxc6 9. Nxc6 Qd6 10. Nxe7+ Qxe7 11. Qc2 Ba6 12. Na3 Rfd8 13. Rd1 c5 14. dxc5 Qxc5 15. Be3 Qc6 16. Rac1 Bb7 17. f3 Nd5 18. Bf2 Nb6 19. h4 h6 20. h5 Rac8 21. g4 a5 22. Rd4 Rxd4 23. Bxd4 Nd5 24. Nxc4 Nb4 25. Qb1 Qd5 26. Qe4 1-0


[Site "https://www.chess.com"]

[Event "Titled Tuesday Blitz July 4 Late 2023"]
[White "Mickiewicz, Piotr"]
[Black "The_Sherman_Variation"]
[WhiteFideId "1114891"]
[WhiteElo "2427"]
[BlackElo "2554"]
[Result "0-1"]
[Round "4"]
[TimeControl "180+2"]
[Date "2023.07.04"]
[WhiteClock "0:00:00"]
[BlackClock "0:00:24"]
[Board "94"]

1. Nf3 b5 2. g3 Bb7 3. Bg2 Nf6 4. O-O e6 5. a4 b4 6. d3 c5 7. e4 Be7 8. Nbd2 O-O 9. Re1 d6 10. b3 a5 11. Bb2 Nbd7 12. Qe2 Rc8 13. Rad1 Nb6 14. e5 dxe5 15. Nxe5 Bxg2 16. Kxg2 Nfd5 17. Nec4 Bf6 18. Bxf6 Qxf6 19. Ne4 Qd4 20. Nxa5 h6 21. Nc4 Rcd8 22. Nxb6 Nxb6 23. Qe3 Nd5 24. Qxd4 cxd4 25. Nd2 Nc3 26. Ra1 Rd5 27. Nc4 Ra8 28. Re5 Rxe5 29. Nxe5 f6 30. Nc6 e5 31. Nxb4 Rb8 32. Na2 Nd5 33. Re1 Rc8 34. Re2 h5 35. h4 Kf7 36. Kf1 Ke6 37. Ke1 Kd6 38. Kd1 g5 39. hxg5 fxg5 40. Re1 Rh8 41. Rh1 h4 42. Nc1 hxg3 43. Rxh8 g2 44. Ne2 Nc3+ 45. Nxc3 g1=Q+ 46. Ke2 dxc3 47. Rd8+ Ke7 48. Rc8 Qg4+ 49. Ke1 Qxc8 0-1


[Site "https://www.chess.com"]

[Event "Titled Tuesday Blitz July 4 Late 2023"]
[White "krucki03"]
[Black "Sreyas Payyappat"]
[BlackFideId "46674969"]
[WhiteElo "2414"]
[BlackElo "2551"]
[Result "0-1"]
[Round "4"]
[TimeControl "180+2"]
[Date "2023.07.04"]
[WhiteClock "0:00:00"]
[BlackClock "0:00:19"]
[Board "95"]

1. e4 c6 2. Nf3 d5 3. Nc3 dxe4 4. Nxe4 Nf6 5. Qe2 Nxe4 6. Qxe4 Nd7 7. d4 Nf6 8. Qf4 g6 9. Bc4 Bg7 10. O-O O-O 11. Re1 Bf5 12. c3 e6 13. Qh4 Nd5 14. Bg5 Qb6 15. Bb3 a5 16. Bh6 a4 17. Bxd5 cxd5 18. Ng5 f6 19. Bxg7 fxg5 20. Qh6 Rf7 21. Be5 Qxb2 22. Qxg5 Raf8 23. Qe3 Rc8 24. c4 Rxc4 25. Rac1 b5 26. Qg5 Qa3 27. Qd8+ Qf8 28. Qb6 Qc8 29. Rcd1 b4 30. h4 Rb7 31. Qa6 b3 32. axb3 axb3 33. g4 Bxg4 34. Ra1 b2 35. Rab1 Rc1 0-1


[Site "https://www.chess.com"]

[Event "Titled Tuesday Blitz July 4 Late 2023"]
[White "Mindhunter08"]
[Black "Sadovsky, Artem"]
[BlackFideId "4155840"]
[WhiteElo "2380"]
[BlackElo "2549"]
[Result "1-0"]
[Round "4"]
[TimeControl "180+2"]
[Date "2023.07.04"]
[WhiteClock "0:00:07"]
[BlackClock "0:00:24"]
[Board "96"]

1. e4 g6 2. d4 Bg7 3. Nf3 c6 4. h3 d5 5. e5 h5 6. c4 Nh6 7. Nc3 Nf5 8. Qb3 dxc4 9. Bxc4 e6 10. Ne4 Nxd4 11. Nxd4 Qxd4 12. Nd6+ Ke7 13. Bg5+ f6 14. exf6+ Bxf6 15. Nxc8+ Rxc8 16. Qxb7+ Nd7 17. Rd1 Rab8 18. Qxd7+ Kxd7 19. Bxf6 Qxd1+ 20. Kxd1 Rf8 21. Be5 Rb4 22. Be2 Rxf2 23. Bf3 Rc4 24. Bc3 e5 25. Re1 e4 26. Rxe4 Rf1+ 27. Kc2 Rf2+ 28. Kb3 Rc5 29. a3 Rb5+ 30. Ka2 a5 31. Rd4+ Kc7 32. Rc4 c5 33. a4 Rb6 34. Rxc5+ Kd7 35. Rxa5 Rd6 36. Ra7+ Ke6 37. a5 g5 38. Rh7 g4 39. hxg4 hxg4 40. Bxg4+ Kd5 41. Rh5+ Kc4 42. Bf3 Kd3 43. Rd5+ Rxd5 44. Bxd5 Kc2 45. a6 Rf6 46. Bb7 Rf5 47. a7 Ra5+ 48. Bxa5 Kc1 49. a8=Q Kc2 50. Qc8+ Kd1 51. Bf3# 1-0


[Site "https://www.chess.com"]

[Event "Titled Tuesday Blitz July 4 Late 2023"]
[White "Campos, Maria Jose"]
[Black "Kochiev, Ivan"]
[WhiteFideId "146803"]
[BlackFideId "2917890"]
[WhiteElo "2391"]
[BlackElo "2545"]
[Result "0-1"]
[Round "4"]
[TimeControl "180+2"]
[Date "2023.07.04"]
[WhiteClock "0:00:49"]
[BlackClock "0:00:36"]
[Board "97"]

1. c4 Nf6 2. g3 e6 3. Bg2 c6 4. Nf3 d5 5. O-O b6 6. d4 Bb7 7. b3 Be7 8. Bb2 O-O 9. Qc2 dxc4 10. bxc4 c5 11. e3 Nc6 12. Rd1 Qc8 13. Nc3 Rd8 14. Rac1 a6 15. Qe2 cxd4 16. exd4 Na5 17. Na4 Qc6 18. Qc2 Rac8 19. Nh4 Qc7 20. Bxb7 Qxb7 21. d5 Rxc4 22. Qe2 Rxa4 23. dxe6 Rxd1+ 24. Rxd1 Re4 25. exf7+ Kxf7 26. Qc2 Qc6 27. Qd3 Qc4 28. Qf3 Qe2 29. Rb1 Qxf3 30. Nxf3 Rb4 31. a3 Rb5 32. Nd4 Rd5 33. Nf3 Nc4 34. Bc3 Rd3 35. Ng5+ Kg6 36. Bxf6 Bxf6 37. Ne6 Rxa3 38. Rb4 b5 39. Nc7 Ra1+ 40. Kg2 Bc3 41. Rb3 b4 42. Nd5 Nd2 0-1


[Site "https://www.chess.com"]

[Event "Titled Tuesday Blitz July 4 Late 2023"]
[White "Haitin, Ilja"]
[Black "Golubev, Mikhail"]
[WhiteFideId "4501764"]
[BlackFideId "14100983"]
[WhiteElo "2341"]
[BlackElo "2540"]
[Result "0-1"]
[Round "4"]
[TimeControl "180+2"]
[Date "2023.07.04"]
[WhiteClock "0:00:00"]
[BlackClock "0:00:11"]
[Board "98"]

1. Nf3 d6 2. d4 Nf6 3. b3 g6 4. Bb2 Bg7 5. e3 O-O 6. Be2 a5 7. c4 a4 8. b4 c5 9. b5 cxd4 10. exd4 a3 11. Bc3 Ne4 12. Bb4 e5 13. Nc3 Nxc3 14. Bxc3 e4 15. Nd2 Qg5 16. O-O Bh3 17. g3 Bxf1 18. Nxf1 Nd7 19. Ne3 f5 20. Nd5 f4 21. h4 Qd8 22. Nxf4 Rxf4 23. gxf4 Qxh4 24. Qf1 Rf8 25. Qg2 Rxf4 26. Bd2 Bxd4 27. Bxf4 Qxf4 28. Rd1 Bc5 29. Rd5 Ne5 30. Rxe5 Qxe5 31. Qg4 b6 32. Kg2 Qe7 33. Qf4 Kg7 34. Bg4 e3 35. fxe3 Bxe3 36. Qf3 Bc5 37. Qc3+ Qf6 38. Qe1 h5 39. Bc8 Qg5+ 40. Kh3 Qe3+ 41. Qxe3 Bxe3 42. Kh4 Kh6 43. Bb7 Bf2+ 44. Kh3 g5 45. Bd5 Bc5 46. Kg2 g4 47. Kg3 Kg5 48. Be6 h4+ 49. Kg2 Bd4 50. Kh2 Be5+ 51. Kg2 h3+ 52. Kg1 Kh4 53. Bd5 Bd4+ 54. Kh1 g3 55. c5 Bxc5 56. Bc6 g2+ 57. Bxg2 hxg2+ 58. Kxg2 Kg4 0-1


[Site "https://www.chess.com"]

[Event "Titled Tuesday Blitz July 4 Late 2023"]
[White "Poltorak, Sebastian"]
[Black "Ardila, Oscar Humberto"]
[WhiteFideId "1199498"]
[BlackFideId "4404742"]
[WhiteElo "2539"]
[BlackElo "2316"]
[Result "0-1"]
[Round "4"]
[TimeControl "180+2"]
[Date "2023.07.04"]
[WhiteClock "0:00:00"]
[BlackClock "0:01:00"]
[Board "99"]

1. e4 e5 2. f4 d5 3. exd5 e4 4. Nc3 Nf6 5. d3 Bb4 6. dxe4 Bxc3+ 7. bxc3 Nxe4 8. Nf3 O-O 9. Qd4 Re8 10. Be2 c5 11. dxc6 Nxc6 12. Qxd8 Rxd8 13. Bb2 Be6 14. O-O Nd2 15. Rfd1 Nc4 16. Bxc4 Bxc4 17. Nd4 Re8 18. Rd2 Re4 19. g3 Rae8 20. a4 h5 21. Rad1 Re1+ 22. Rxe1 Rxe1+ 23. Kf2 Rf1+ 24. Kg2 Rb1 25. Ba3 Ra1 26. Bd6 Rxa4 27. Nf3 Ra1 28. Be5 f6 29. Bc7 a5 30. Nd4 a4 31. Nxc6 bxc6 32. Rd4 Bd5+ 33. Kf2 a3 34. Ra4 a2 35. c4 Be4 36. Ke3 Bxc2 0-1


[Site "https://www.chess.com"]

[Event "Titled Tuesday Blitz July 4 Late 2023"]
[White "ElDivis"]
[Black "Kostiukov, Alexandr"]
[BlackFideId "14108100"]
[WhiteElo "2529"]
[BlackElo "2305"]
[Result "1-0"]
[Round "4"]
[TimeControl "180+2"]
[Date "2023.07.04"]
[WhiteClock "0:01:17"]
[BlackClock "0:00:00"]
[Board "100"]

1. Nf3 g6 2. d4 Bg7 3. e4 c5 4. Nc3 cxd4 5. Nxd4 Nc6 6. Be3 Nf6 7. Nb3 O-O 8. Qd2 a5 9. a4 Nb4 10. O-O-O d5 11. exd5 Bf5 12. Na1 Rc8 13. Bd4 Nfxd5 14. Bxg7 Nxc3 15. Bxc3 Na2+ 16. Kb1 Nxc3+ 17. bxc3 Qb6+ 18. Bb5 1-0


[Site "https://www.chess.com"]

[Event "Titled Tuesday Blitz July 4 Late 2023"]
[White "Belov, Alexei"]
[Black "Sanchez, Robert"]
[WhiteFideId "4128206"]
[BlackFideId "2034360"]
[WhiteElo "2522"]
[BlackElo "2204"]
[Result "1-0"]
[Round "4"]
[TimeControl "180+2"]
[Date "2023.07.04"]
[WhiteClock "0:00:48"]
[BlackClock "0:00:21"]
[Board "101"]

1. e4 e6 2. d4 d5 3. Nd2 Nf6 4. e5 Nfd7 5. Bd3 c5 6. c3 Nc6 7. Ne2 cxd4 8. cxd4 f6 9. exf6 Nxf6 10. Nf3 Bd6 11. O-O Qc7 12. Bg5 O-O 13. Rc1 Bd7 14. Ng3 Ng4 15. Bb1 Rf7 16. h3 Nxf2 17. Rxf2 Bxg3 18. Rf1 Raf8 19. Be3 g6 20. Bh6 Qb6 21. Bxf8 Rxf8 22. Kh1 Qxb2 23. Ng5 Qxd4 24. Rxf8+ Kxf8 25. Nxh7+ Kg7 26. Qf3 Qf4 27. Rf1 Qxf3 28. Rxf3 Be5 29. Nf8 Bc8 30. Nxg6 Bf6 31. Nf4 d4 32. Nh5+ 1-0


[Site "https://www.chess.com"]

[Event "Titled Tuesday Blitz July 4 Late 2023"]
[White "Mangialardo, Tiago Carvalho"]
[Black "ArchibaldCerveza29"]
[WhiteFideId "2130718"]
[WhiteElo "2124"]
[BlackElo "2518"]
[Result "0-1"]
[Round "4"]
[TimeControl "180+2"]
[Date "2023.07.04"]
[WhiteClock "0:00:00"]
[BlackClock "0:01:30"]
[Board "102"]

1. e4 e5 2. Nf3 Nc6 3. Bb5 g6 4. d4 exd4 5. Nxd4 Nge7 6. Be3 Bg7 7. Nc3 O-O 8. Qd2 a6 9. Ba4 d6 10. O-O-O b5 11. Bb3 Bb7 12. f3 Na5 13. h4 c5 14. Ndxb5 axb5 15. Nxb5 Nxb3+ 16. cxb3 Rxa2 17. Nxd6 Ba6 18. Bxc5 Rxb2 19. Qb4 Nc6 20. Qa4 Qa8 0-1


[Site "https://www.chess.com"]

[Event "Titled Tuesday Blitz July 4 Late 2023"]
[White "Vega Gutierrez, Sabrina"]
[Black "Galperin, Platon"]
[WhiteFideId "2219026"]
[BlackFideId "14165414"]
[WhiteElo "2403"]
[BlackElo "2957"]
[Result "0-1"]
[Round "4"]
[TimeControl "180+2"]
[Date "2023.07.04"]
[WhiteClock "0:00:56"]
[BlackClock "0:02:48"]
[Board "103"]

1. e4 c5 2. Nf3 e6 3. d4 cxd4 4. Nxd4 Nc6 5. Nc3 a6 6. f4 Nge7 7. Be3 Nxd4 8. Qxd4 Nc6 9. Qb6 Be7 10. O-O-O O-O 11. g3 Qe8 12. Bg2 Bd8 13. Qc5 b5 14. e5 Be7 15. Qb6 Rb8 16. Bxc6 Rxb6 17. Bxb6 dxc6 18. Ne4 c5 19. Bxc5 Bxc5 20. Nxc5 Qc6 21. Nb3 Bb7 22. Rhe1 Rc8 23. Rd2 h5 24. Na5 Qc7 25. Nxb7 Qxb7 0-1


[Site "https://www.chess.com"]

[Event "Titled Tuesday Blitz July 4 Late 2023"]
[White "Arnold, Ken"]
[Black "Gorovets, Andrey"]
[WhiteFideId "2056836"]
[BlackFideId "13504037"]
[WhiteElo "2401"]
[BlackElo "2746"]
[Result "0-1"]
[Round "4"]
[TimeControl "180+2"]
[Date "2023.07.04"]
[WhiteClock "0:00:02"]
[BlackClock "0:01:11"]
[Board "104"]

1. d4 Nf6 2. Nf3 e6 3. c4 b6 4. g3 Ba6 5. e3 d5 6. cxd5 Bxf1 7. Kxf1 exd5 8. Nc3 Bd6 9. Kg2 O-O 10. a3 a5 11. Qc2 c6 12. Qf5 Qe7 13. Bd2 Nbd7 14. h4 Rfd8 15. h5 a4 16. Rag1 b5 17. g4 Rf8 18. g5 Ne4 19. Nxe4 dxe4 20. Nh4 Nb6 21. Bc3 Nd5 22. Kf1 Rab8 23. Rg4 Rbe8 24. Rg2 Bxa3 25. Qg4 b4 26. g6 fxg6 27. hxg6 h6 28. Nf5 Qf6 29. Rxh6 gxh6 30. g7 Rf7 31. bxa3 Qxf5 0-1


[Site "https://www.chess.com"]

[Event "Titled Tuesday Blitz July 4 Late 2023"]
[White "Urbina Perez, Juan Antonio"]
[Black "Erenberg, Ariel"]
[WhiteFideId "2217368"]
[BlackFideId "2811634"]
[WhiteElo "2404"]
[BlackElo "2718"]
[Result "0-1"]
[Round "4"]
[TimeControl "180+2"]
[Date "2023.07.04"]
[WhiteClock "0:00:00"]
[BlackClock "0:01:52"]
[Board "105"]

1. e4 c6 2. d4 d5 3. exd5 cxd5 4. Bd3 Nc6 5. c3 Nf6 6. Bf4 Bg4 7. Qb3 Qd7 8. Nd2 e6 9. Ngf3 Bd6 10. Ne5 Bxe5 11. Bxe5 a6 12. Bf4 O-O 13. h3 Bf5 14. Bxf5 exf5 15. O-O Rae8 16. Rfe1 Ne4 17. Nf3 Re6 18. Re3 Rfe8 19. Rae1 h6 20. Qc2 g5 21. Be5 f4 22. Rxe4 dxe4 23. Qxe4 f6 24. d5 Rxe5 25. Nxe5 Rxe5 26. Qg6+ Qg7 27. Qxg7+ Kxg7 28. Rd1 Nd8 29. c4 Re2 30. b4 Rxa2 31. c5 Rb2 32. Rd4 Kf7 33. d6 f5 34. h4 Ke6 35. hxg5 hxg5 36. g3 f3 37. Rd3 Rxb4 38. Re3+ Re4 39. Rb3 g4 40. Kh2 Kd5 41. Rd3+ Kxc5 42. d7 Re2 43. Rc3+ Kd6 44. Rd3+ Ke7 45. Rd1 Rxf2+ 46. Kg1 Rg2+ 47. Kh1 Rxg3 48. Kh2 Rg2+ 49. Kh1 Rb2 0-1


[Site "https://www.chess.com"]

[Event "Titled Tuesday Blitz July 4 Late 2023"]
[White "Skvortsov, Andrei"]
[Black "Gabdushev, Ruslan"]
[WhiteFideId "24108600"]
[BlackFideId "4137833"]
[WhiteElo "2644"]
[BlackElo "2389"]
[Result "1-0"]
[Round "4"]
[TimeControl "180+2"]
[Date "2023.07.04"]
[WhiteClock "0:01:38"]
[BlackClock "0:00:00"]
[Board "106"]

1. Nf3 Nc6 2. d4 d6 3. e4 Bg4 4. c3 Nf6 5. h3 Bxf3 6. Qxf3 e5 7. Bb5 a6 8. Bxc6+ bxc6 9. O-O Be7 10. Rd1 Qb8 11. Na3 O-O 12. dxe5 dxe5 13. Nc4 Bd6 14. Bg5 Nd7 15. b3 f6 16. Be3 Rd8 17. Rd3 Nf8 18. Rad1 Be7 19. Rxd8 Bxd8 20. Bc5 Ne6 21. Ba3 c5 22. Rd7 Qc8 23. Qd1 Nd4 24. Rxd8+ Qxd8 25. cxd4 cxd4 26. Nb2 a5 27. Qc2 Qd7 28. Qc4+ Kh8 29. Nd3 a4 30. Nc5 Qc6 31. bxa4 h6 32. f3 Kh7 33. Kf2 Rb8 34. Qc1 Qe8 35. a5 Qb5 36. Nb3 Rb7 37. Qf1 Qa4 38. Qc1 Rb5 39. h4 c5 40. Nxc5 Rxa5 41. Nxa4 1-0


[Site "https://www.chess.com"]

[Event "Titled Tuesday Blitz July 4 Late 2023"]
[White "Thomforde-Toates, Noah"]
[Black "Duarte, Leonardo"]
[WhiteFideId "30951992"]
[BlackFideId "110582"]
[WhiteElo "2634"]
[BlackElo "2389"]
[Result "1-0"]
[Round "4"]
[TimeControl "180+2"]
[Date "2023.07.04"]
[WhiteClock "0:01:59"]
[BlackClock "0:01:01"]
[Board "107"]

1. e4 e5 2. Nf3 Nc6 3. Bb5 a6 4. Bxc6 dxc6 5. O-O Qd6 6. Na3 Be6 7. Qe2 f6 8. Nc4 Qd7 9. Rd1 c5 10. a4 Ne7 11. c3 Ng6 12. d4 cxd4 13. cxd4 exd4 14. Nxd4 O-O-O 15. Be3 Bf7 16. Nb5 Qe7 17. Rxd8+ Qxd8 18. Rd1 Qe7 19. Qg4+ Be6 20. Qxe6+ Qxe6 21. Na7+ 1-0


[Site "https://www.chess.com"]

[Event "Titled Tuesday Blitz July 4 Late 2023"]
[White "Gombocz, Ferenc Jr."]
[Black "Pinheiro, Iung Alicio de O."]
[WhiteFideId "775029"]
[BlackFideId "2104350"]
[WhiteElo "2384"]
[BlackElo "2591"]
[Result "1-0"]
[Round "4"]
[TimeControl "180+2"]
[Date "2023.07.04"]
[WhiteClock "0:00:09"]
[BlackClock "0:00:00"]
[Board "108"]

1. d4 Nf6 2. Nf3 e6 3. Bf4 d5 4. e3 Bd6 5. Ne5 O-O 6. Nd2 c5 7. c3 Qc7 8. Bd3 Nbd7 9. Ndf3 Ne4 10. O-O f6 11. Nxd7 Bxd7 12. Bxe4 Bxf4 13. Bxh7+ Kxh7 14. exf4 Qxf4 15. dxc5 Bc6 16. Qd4 Qf5 17. Qh4+ Kg8 18. Nd4 Qd3 19. Nxe6 Rf7 20. Rad1 Qc2 21. Rd4 Re8 22. Nf4 g5 23. Qg3 Bb5 24. Rfd1 Rfe7 25. h4 Re1+ 26. Rxe1 Rxe1+ 27. Kh2 Qc1 28. Qg4 Rh1+ 29. Kg3 Rxh4 30. Qe6+ Kg7 31. Qe7+ Kg8 32. Qd8+ Kf7 33. Qxd5+ Kg7 34. Ne6+ Kh6 35. Rxh4+ gxh4+ 36. Kxh4 Qh1+ 37. Kg3 Bc6 38. Qd2+ Kg6 39. Nf4+ Kf7 40. Qd3 Qh6 41. Qc4+ Kg7 42. Ne6+ Kf7 43. Nd4+ Kg7 44. Nf5+ 1-0


[Site "https://www.chess.com"]

[Event "Titled Tuesday Blitz July 4 Late 2023"]
[White "HamedWafa4"]
[Black "Prieto Aranguren, Alain"]
[BlackFideId "2268906"]
[WhiteElo "2587"]
[BlackElo "2375"]
[Result "0-1"]
[Round "4"]
[TimeControl "180+2"]
[Date "2023.07.04"]
[WhiteClock "0:00:06"]
[BlackClock "0:00:04"]
[Board "109"]

1. e4 c6 2. d4 d5 3. Nc3 b5 4. exd5 b4 5. Ne4 cxd5 6. Nc5 Qb6 7. Nf3 Nd7 8. Nxd7 Bxd7 9. Bd3 Bb5 10. O-O Bxd3 11. Qxd3 Nf6 12. Bg5 e6 13. Bxf6 gxf6 14. c4 dxc4 15. Qxc4 Rd8 16. Rad1 Be7 17. d5 Rg8 18. Rfe1 Qb7 19. dxe6 fxe6 20. Qxe6 Rg6 21. Rxd8+ Kxd8 22. Rd1+ Ke8 23. Qd5 Qxd5 24. Rxd5 Rg4 25. Rd4 Rg7 26. Re4 Kd7 27. Nd4 Rg8 28. Nf5 Bc5 29. Rc4 Re8 30. Kf1 Kc6 31. h4 Kb5 32. Rf4 Rd8 33. Ne3 Rd2 34. b3 Rxa2 35. Nd5 a5 36. Nxf6 a4 37. Ne4 axb3 38. Rf5 b2 39. Rxc5+ Kb6 40. Nd2 Kxc5 41. g4 Ra1+ 42. Ke2 b1=Q 43. Nxb1 Rxb1 44. g5 b3 45. f4 b2 46. f5 Rh1 0-1


[Site "https://www.chess.com"]

[Event "Titled Tuesday Blitz July 4 Late 2023"]
[White "Cooklev, Steven"]
[Black "Vlassov, Nikolai"]
[WhiteFideId "2050552"]
[BlackFideId "4103360"]
[WhiteElo "2374"]
[BlackElo "2574"]
[Result "1/2-1/2"]
[Round "4"]
[TimeControl "180+2"]
[Date "2023.07.04"]
[WhiteClock "0:00:12"]
[BlackClock "0:00:03"]
[Board "110"]

1. e4 Nc6 2. Nc3 Nf6 3. d4 d5 4. e5 Nd7 5. f4 Nb6 6. Be3 Bf5 7. g4 Be4 8. Nxe4 dxe4 9. Bb5 e6 10. Qe2 Nd5 11. O-O-O a6 12. Bxc6+ bxc6 13. Bf2 Nxf4 14. Qxe4 Qd5 15. Qxf4 Qxh1 16. Nf3 Qg2 17. Ng5 O-O-O 18. Nxf7 Be7 19. Nxh8 Rxh8 20. Qf7 Kd7 21. Bh4 Re8 22. Qxg7 Qxh2 23. Bf6 Qf4+ 24. Kb1 Qf3 25. Rc1 Qe4 26. a3 Qxd4 27. Qxh7 Qc5 28. Rd1+ Kc8 29. Qf7 Rd8 30. Rxd8+ Bxd8 31. Qe8 Qd5 32. Bxd8 Kb7 33. Bf6 Qd1+ 34. Ka2 Qxg4 35. Qe7 Qc4+ 36. Kb1 Qf1+ 37. Ka2 Qc4+ 38. Kb1 Qf1+ 39. Ka2 Qc4+ 1/2-1/2


[Site "https://www.chess.com"]

[Event "Titled Tuesday Blitz July 4 Late 2023"]
[White "financieru"]
[Black "Sowa, Ryan"]
[BlackFideId "30901693"]
[WhiteElo "2374"]
[BlackElo "2565"]
[Result "1-0"]
[Round "4"]
[TimeControl "180+2"]
[Date "2023.07.04"]
[WhiteClock "0:00:37"]
[BlackClock "0:00:25"]
[Board "111"]

1. d4 Nh6 2. c4 g6 3. Nc3 Bg7 4. e4 d6 5. f3 O-O 6. Be3 f6 7. Qd2 Nf7 8. Bd3 e5 9. Nge2 Nc6 10. O-O f5 11. exf5 gxf5 12. d5 Nd4 13. f4 Nxe2+ 14. Qxe2 e4 15. Bc2 Bd7 16. Qd2 Nh6 17. h3 Qf6 18. Rac1 Nf7 19. Bb1 Kh8 20. b4 Rg8 21. Ne2 Qg6 22. Rf2 Bf6 23. Bd4 Qh6 24. Kh2 Rg7 25. Bxf6 Qxf6 26. Qd4 Qxd4 27. Nxd4 Rag8 28. c5 Bc8 29. a4 Rg3 30. Nb5 dxc5 31. Rxc5 Nd6 32. Rxc7 Nxb5 33. axb5 Rb3 34. Ba2 Rxb4 35. Rfc2 Bd7 36. Rxd7 Rxb5 37. Rcc7 Rxg2+ 1-0


[Site "https://www.chess.com"]

[Event "Titled Tuesday Blitz July 4 Late 2023"]
[White "Dinosaurio_1975"]
[Black "BenchGM"]
[WhiteElo "2554"]
[BlackElo "2372"]
[Result "1/2-1/2"]
[Round "4"]
[TimeControl "180+2"]
[Date "2023.07.04"]
[WhiteClock "0:00:08"]
[BlackClock "0:00:03"]
[Board "112"]

1. e4 e6 2. d4 d5 3. e5 c5 4. c3 Nc6 5. Nf3 Bd7 6. Be2 f6 7. O-O fxe5 8. Nxe5 Nxe5 9. dxe5 Qc7 10. Re1 O-O-O 11. Bf1 Ne7 12. Bf4 h6 13. b4 g5 14. Bg3 Nf5 15. a4 Bg7 16. Na3 h5 17. Nb5 Bxb5 18. axb5 h4 19. Rxa7 Qb6 20. Qa4 hxg3 21. bxc5 gxf2+ 22. Kxf2 Qxc5+ 23. Ke2 d4 24. b6 d3+ 25. Kd2 Qf2+ 26. Kd1 Qc2+ 27. Qxc2 dxc2+ 28. Kxc2 Rd5 29. Bc4 Rxe5 30. Bxe6+ Kd8 31. Rxe5 Bxe5 32. Bxf5 Rf8 33. Be4 Rf2+ 34. Kb3 Re2 35. Bf3 Re3 36. Rxb7 Rxc3+ 37. Kb4 Rc1 38. Rf7 Ke8 39. Rh7 Bd6+ 40. Kb5 Be5 41. Ka6 Ra1+ 42. Kb7 Kf8 43. Bc6 Kg8 44. Rd7 Rb1 45. Bd5+ Kf8 46. Bc6 Kg8 47. Ka7 Ra1+ 48. Kb7 Rb1 1/2-1/2


[Site "https://www.chess.com"]

[Event "Titled Tuesday Blitz July 4 Late 2023"]
[White "Kanyamarala, Trisha"]
[Black "reevecanada"]
[WhiteFideId "45004722"]
[WhiteElo "2368"]
[BlackElo "2553"]
[Result "0-1"]
[Round "4"]
[TimeControl "180+2"]
[Date "2023.07.04"]
[WhiteClock "0:00:00"]
[BlackClock "0:00:53"]
[Board "113"]

1. c4 c5 2. Nc3 Nc6 3. g3 g6 4. Bg2 Bg7 5. Nf3 Nf6 6. O-O O-O 7. a3 a6 8. Rb1 Qc7 9. b4 d6 10. d3 Nd4 11. bxc5 dxc5 12. Bf4 Nxf3+ 13. Bxf3 e5 14. Bg5 Rb8 15. Bxf6 Bxf6 16. Nd5 Qd8 17. Nxf6+ Qxf6 18. Qd2 Qd6 19. Rb3 b5 20. Rfb1 Bd7 21. Bd5 Rb6 22. Qe3 Rfb8 23. Rc1 a5 24. Qf3 Be6 25. Bxe6 Qxe6 26. Rxb5 Rxb5 27. cxb5 Rxb5 28. Qa8+ Kg7 29. Qa7 Qc6 30. Qe7 Qf6 31. Qc7 Rb2 32. Kf1 Qf5 33. Qxc5 Qh3+ 34. Ke1 Qh5 35. g4 Qxh2 36. Rc2 Rxc2 37. Qxc2 Qg1+ 38. Kd2 Qxf2 39. Qc3 Qf4+ 40. Kc2 h5 41. gxh5 gxh5 42. Qxa5 h4 43. Qa8 h3 44. Qh1 Qg3 45. a4 Qg2 46. Qa1 f6 47. Qc3 h2 48. Qc7+ Kg6 49. Qc8 Qxe2+ 50. Kc3 Qe1+ 51. Kb3 Qb1+ 52. Ka3 Qxd3+ 0-1


[Site "https://www.chess.com"]

[Event "Titled Tuesday Blitz July 4 Late 2023"]
[White "Fernandez Siles, Luis"]
[Black "AdvanceGuard4"]
[WhiteFideId "2209420"]
[WhiteElo "2367"]
[BlackElo "2540"]
[Result "1-0"]
[Round "4"]
[TimeControl "180+2"]
[Date "2023.07.04"]
[WhiteClock "0:01:00"]
[BlackClock "0:00:08"]
[Board "114"]

1. e4 Nf6 2. Nc3 d5 3. e5 Nfd7 4. e6 fxe6 5. d4 c5 6. Nf3 g6 7. h4 Bg7 8. h5 Nc6 9. hxg6 hxg6 10. Rxh8+ Bxh8 11. Bd3 Nf8 12. Ng5 Nxd4 13. Bxg6+ Nxg6 14. Qh5 Bf6 15. Qxg6+ Kd7 16. Nf7 Qe8 17. Be3 Nxc2+ 18. Qxc2 Qxf7 19. Bxc5 b6 20. Be3 Bb7 21. O-O-O Bc6 22. Kb1 Rg8 23. g3 Qg6 24. Rd3 Rh8 25. Rxd5+ exd5 26. Qxg6 d4 27. Qd3 e5 28. f4 Rh1+ 29. Kc2 Rh2+ 30. Kb3 Kc7 31. fxe5 Bxe5 32. Bxd4 Bd6 33. Qg6 Rh3 34. Qg7+ Kc8 35. Be5 Bxe5 36. Qxe5 Rh6 37. Ne4 Bxe4 38. Qxe4 Rd6 39. Qe8+ Kc7 40. Qe7+ Rd7 41. Qxd7+ Kxd7 42. Kc4 Kc6 43. g4 a6 44. g5 Kd6 45. g6 Ke6 46. g7 Kf7 47. Kd5 Kxg7 48. Kc6 b5 49. Kb6 Kf6 50. Kxa6 b4 51. Kb5 1-0


[Site "https://www.chess.com"]